[Event "Chinese League Div-A Rapid 2022"]
[Site "Fuling,Chongqing"]
[Date "2022.09.11"]
[Round "5.19"]
[White "Huang, Qian"]
[Black "Ren, Xiaoyi"]
[Result "1-0"]
[ECO "A11"]
[WhiteElo "2433"]
[BlackElo "2250"]
[Annotator "TA"]
[PlyCount "119"]
[EventDate "2022.09.07"]
[EventType "team-tourn"]
[EventCountry "CHN"]
[SourceTitle "playchess.com"]
[Source "ChessBase"]
[SourceQuality "1"]
[TimeControl "1500+10"]

1. c4 Nf6 2. g3 c6 3. Bg2 d5 4. Nf3 g6 5. b3 Bg7 6. Bb2 O-O 7. O-O a5 8. Nc3 a4 {[%emt 0:01:50] A11: English Opening: 1...c6.} 9. Nxa4 b5 ({Better is} 9... dxc4 $14 10. bxc4 Qa5) 10. cxb5 $16 cxb5 {[%emt 0:00:02] White is better.} 11. Nc5 Nc6 {[%emt 0:01:06] [#]} 12. a3 $146 ({Predecessor:} 12. Ne5 Qd6 13. Nxc6 Qxc5 14. Ne5 b4 15. Qb1 Bf5 16. d3 d4 17. Nc6 Nd7 18. Qe1 {1-0 (35) Kovacevic,B (2396)-Galic,I (2428) Mali Losinj 2021}) 12... Re8 13. Ne5 Qb6 {[%emt 0:00:55] And now ...Nxe5 would win.} 14. Nxc6 {[%emt 0:00:49] White is more active.} Qxc5 15. Nb4 Bf5 16. Rc1 Qd6 17. Rc6 Qd7 18. Bxf6 Bxf6 {[%emt 0:00:04] [#]} 19. Nxd5 $1 Bh3 20. Nb6 Qb7 {[%emt 0:00:40] [#] aiming for ...Bxg2.} 21. Bxh3 Qxc6 22. Nxa8 Qxa8 23. a4 bxa4 24. bxa4 h5 25. d4 h4 26. e3 hxg3 27. hxg3 Kg7 28. Bg2 Qa5 29. Qb3 Rc8 30. Qb5 Qd2 (30... Qxb5 {keeps fighting.} 31. axb5 Rb8) 31. a5 $18 Rc2 32. a6 Ra2 33. Qb6 (33. Bd5 $142 Qa5 34. Qd7) 33... Bg5 $2 (33... Qa5 34. Qxa5 Rxa5) 34. Qc5 Qa5 35. Qxa5 Rxa5 {[%emt 0:00:02][%mdl 4096] Endgame KRB-KRB} 36. Bb7 ({Resist} 36. f4 Bf6 37. Bb7 e6 $18) 36... e6 37. Rc1 Bd8 38. Kg2 Kf6 39. Kf3 Ke7 40. Rc2 Bb6 41. g4 g5 (41... Kd8 {might work better.} 42. Rc6 Ba7 43. Rc8+ Kd7) 42. Rc6 Bd8 43. Rc5 {[%emt 0:00:05] White wants to mate with Rxa5.} Ra2 44. Rxg5 Kd6 45. Rc5 Bh4 46. Rc8 Rxf2+ 47. Ke4 f5+ $2 (47... Ra2 48. Rc6+ Kd7) 48. gxf5 exf5+ 49. Kd3 Ra2 50. Rc6+ Kd7 51. Rc5 {[%emt 0:00:09] Prevents Ra5.} Ra3+ 52. Rc3 (52. Kc4 $142) 52... Ra2 $2 (52... Rxc3+ 53. Kxc3 Kc7) 53. Kc4 Be1 54. Rb3 {[%emt 0:00:06] Strongly threatening Kc5.} Kc7 $2 (54... Kd6 {was worth a try.} 55. Rb6+ Kc7) 55. Kd5 Ra5+ (55... Kb8 $142 56. Ke6 Ka7 57. Kxf5 Rf2+ 58. Ke6 Rf8) 56. Ke6 Bd2 57. d5 {[%emt 0:00:02][%cal Bd4d5,Bd5d6][%mdl 32] White mates.} f4 58. d6+ Kd8 59. Bc6 Kc8 60. Bd7+ {[%emt 0:00:14] White took control after the opening.  Weighted Error Value: White=0.31/Black=0.50} 1-0

[Event "Chinese League Div-A Rapid 2022"]
[Site "Fuling,Chongqing"]
[Date "2022.09.11"]
[Round "5.20"]
[White "Wang, Chuqiao"]
[Black "Chu, Ruotong"]
[Result "1/2-1/2"]
[ECO "D48"]
[WhiteElo "2037"]
[BlackElo "2185"]
[Annotator "RC"]
[PlyCount "40"]
[EventDate "2022.09.07"]
[EventType "team-tourn"]
[EventCountry "CHN"]
[SourceTitle "playchess.com"]
[Source "ChessBase"]
[SourceQuality "1"]
[TimeControl "1500+10"]

1. d4 d5 2. c4 dxc4 3. Nf3 Nf6 4. e3 e6 5. Bxc4 a6 6. Nc3 c5 7. O-O b5 8. Bd3 Bb7 9. Qe2 Nbd7 10. Rd1 Qc7 11. Bd2 Bd6 12. h3 O-O 13. Rac1 Rac8 14. dxc5 Nxc5 15. Nxb5 axb5 16. b4 Bxf3 17. gxf3 Qa7 18. bxc5 Rxc5 19. Rxc5 Bxc5 20. Bxb5 Qxa2 1/2-1/2

[Event "Chinese League Div-A Rapid 2022"]
[Site "Fuling,Chongqing"]
[Date "2022.09.11"]
[Round "5.21"]
[White "Zhao, Jun"]
[Black "Bai, Jinshi"]
[Result "1-0"]
[ECO "C42"]
[WhiteElo "2619"]
[BlackElo "2586"]
[Annotator "TA"]
[PlyCount "113"]
[EventDate "2022.09.07"]
[EventType "team-tourn"]
[EventCountry "CHN"]
[SourceTitle "playchess.com"]
[Source "ChessBase"]
[SourceQuality "1"]
[TimeControl "1500+10"]

1. e4 e5 2. Nf3 Nf6 3. Nxe5 d6 4. Nf3 Nxe4 5. d4 d5 6. Bd3 Bd6 7. O-O O-O 8. c4 c6 9. Re1 Bf5 10. Qb3 Na6 {[%emt 0:00:31] C42: Petroff Defence: 3 Nxe5 and unusual White 3rd moves.} 11. cxd5 cxd5 12. Nc3 Nb4 {[%emt 0:00:28] The position is equal. is the new trend.} 13. Bxe4 dxe4 14. Bg5 Qb6 15. Nxe4 Be6 16. Qa3 Rfe8 17. Nxd6 Qxd6 18. Bd2 a5 19. Re5 Red8 20. Rxa5 Rxa5 21. Qxa5 Nc6 22. Qc5 Nxd4 23. Qxd4 Qxd4 24. Nxd4 Rxd4 $14 {[%emt 0:00:01][%mdl 4096] Endgame KRB-KRB} 25. Bc3 {[%emt 0:00:36] [#]} Rd3 $146 ({Predecessor:} 25... Ra4 26. a3 f6 27. Re1 Kf7 28. f3 b5 29. Kf2 h5 30. Kg3 Ra7 31. Re4 Ra4 32. Bb4 Ra7 33. h4 Rd7 34. Kf4 Rc7 35. Bc3 Rc4 36. Rxc4 Bxc4 {½-½ (36) Hayakawa,S (2339)-Koesebay,O (2512) ICCF email 2009}) 26. f3 g5 27. Kf2 h5 28. a4 g4 29. fxg4 hxg4 30. Re1 Kh7 31. a5 Rd5 32. Kg3 Kg6 33. Re4 Rb5 34. Rd4 Kg5 35. Rd8 f5 36. Bd2+ f4+ 37. Bxf4+ Kf5 {[%emt 0:00:02] Strongly threatening ...Rb3+.} 38. Bc1 Rxa5 39. Bd2 Rd5 40. Rf8+ Ke4 {[%emt 0:00:07] aiming for ...Rd3+.} 41. Rf4+ Kd3 42. Bc3 b5 43. Rxg4 (43. h4 $14) 43... Bxg4 $11 44. Kxg4 $14 {[%emt 0:00:01] KR-KB} b4 45. Bf6 Ke4 46. h4 {[%emt 0:00:21] And now h5 would win.} Rf5 47. Be7 {[%emt 0:00:41] Threatens to win with h5.} b3 $2 (47... Rf2 $11 48. Bxb4 Rxg2+ 49. Kh5 Kf4) 48. h5 $18 Rf7 {[%emt 0:03:58] [#]} 49. Bg5 (49. Bh4 $1 $18 {and the rest is easy.} Kd3 50. Kg5 Rg7+ 51. Kf6 Rxg2 52. h6) 49... Rf2 $2 {[%emt 0:01:20][%mdl 8192] [#]} (49... Kd3 $16) 50. h6 $1 Rxg2+ 51. Kh5 {[%emt 0:00:01] Threatening mate with h7.} Rxb2 (51... Kf5 $18 52. Bh4 Rg8) 52. h7 {[%emt 0:00:01] White mates.} Rh2+ 53. Bh4 b2 54. h8=Q Kd3 55. Qh7+ Kc3 56. Kg4 Kb3 57. Qb1 {[%emt 0:00:11] Weighted Error Value: White=0.20 (precise) /Black=0.26 (precise)} 1-0

[Event "Chinese League Div-A Rapid 2022"]
[Site "Fuling,Chongqing"]
[Date "2022.09.11"]
[Round "5.23"]
[White "Huang, Renjie"]
[Black "Xu, Zhihang"]
[Result "1/2-1/2"]
[ECO "C73"]
[WhiteElo "2446"]
[BlackElo "2489"]
[Annotator "TA"]
[PlyCount "41"]
[EventDate "2022.09.07"]
[EventType "team-tourn"]
[EventCountry "CHN"]
[SourceTitle "playchess.com"]
[Source "ChessBase"]
[SourceQuality "1"]
[TimeControl "1500+10"]

1. e4 e5 2. Nf3 Nc6 3. Bb5 a6 4. Ba4 d6 5. Bxc6+ bxc6 6. d4 exd4 7. Qxd4 Nf6 {[%emt 0:00:59] C73: Ruy Lopez: Deferred Steinitz: 5 Bxc6+.} 8. e5 c5 $1 9. Qd3 dxe5 {[%emt 0:00:29] The position is equal.} 10. Qxd8+ Kxd8 11. Nxe5 Be6 12. Nc3 Bd6 13. Nd3 {[%emt 0:00:08] [#]} (13. Nf3 $11) 13... Re8 $146 (13... c4 $15 14. Nf4 Bf5) ({Predecessor:} 13... Bf5 14. Bg5 c4 15. Nf4 Bxc2 16. Nh5 Be5 17. O-O h6 18. Bxf6+ gxf6 19. Rfe1 Rb8 {0-1 (30) Aldokhin,I (2413)-Tanenbaum,Z (2137) Chess.com INT 2021}) 14. O-O (14. Be3 $11) 14... Rb8 15. b3 c4 16. Nf4 {[%emt 0:00:45] [#]} (16. Nb2 $11 {remains equal.}) 16... Bf5 $1 $17 {[%emt 0:00:56] This bishop pair is nice.} ({Much worse is} 16... cxb3 17. Nxe6+ Rxe6 18. axb3 $11) 17. bxc4 Ne4 18. Rb1 Rxb1 19. Nxb1 Nc5 20. Nc3 Bxc2 21. Be3 {[%emt 0:00:11] Weighted Error Value: White=0.19 (very precise) /Black=0.10 (very precise)} 1/2-1/2

[Event "Chinese League Div-A Rapid 2022"]
[Site "Fuling,Chongqing"]
[Date "2022.09.11"]
[Round "5.24"]
[White "Yan, Tianqi"]
[Black "Liu, Manli"]
[Result "1-0"]
[ECO "B49"]
[WhiteElo "2188"]
[BlackElo "2195"]
[Annotator "RC"]
[PlyCount "87"]
[EventDate "2022.09.07"]
[EventType "team-tourn"]
[EventCountry "CHN"]
[SourceTitle "playchess.com"]
[Source "ChessBase"]
[SourceQuality "1"]
[TimeControl "1500+10"]

1. e4 c5 2. Nf3 e6 3. d4 cxd4 4. Nxd4 Nc6 5. Nc3 Qc7 6. Be2 a6 7. O-O Nf6 8. Be3 Bb4 9. Na4 Be7 10. Nxc6 bxc6 11. Nb6 Rb8 12. Nxc8 Qxc8 13. Bd4 c5 14. Be5 Rb6 15. b3 O-O 16. Bd3 d6 17. Bb2 Nd7 18. f4 Bf6 19. Bxf6 Nxf6 20. e5 Nd7 21. Qe2 Rd8 22. Rf3 Nf8 23. Rh3 d5 24. Bxh7+ Nxh7 25. Qh5 Kf8 26. Qxh7 c4 27. Qh8+ Ke7 28. Qxg7 Rg8 29. Qf6+ Ke8 30. Rh8 Qc5+ 31. Kh1 Rxh8 32. Qxh8+ Ke7 33. Qh4+ Ke8 34. Rf1 Qd4 35. Qh8+ Ke7 36. Qf6+ Ke8 37. f5 Qg4 38. Qh8+ Kd7 39. Qf8 Qh5 40. fxe6+ fxe6 41. Rf7+ Kc6 42. Qe8+ Kc5 43. Rc7+ Kd4 44. Qxh5 1-0

[Event "Chinese League Div-A Rapid 2022"]
[Site "Fuling,Chongqing"]
[Date "2022.09.11"]
[Round "5.25"]
[White "Hou, Yifan"]
[Black "Hu, Yu A."]
[Result "1-0"]
[ECO "B70"]
[WhiteElo "2650"]
[BlackElo "2074"]
[Annotator "TA"]
[PlyCount "63"]
[EventDate "2022.09.07"]
[EventType "team-tourn"]
[EventCountry "CHN"]
[SourceTitle "playchess.com"]
[Source "ChessBase"]
[SourceQuality "1"]
[TimeControl "1500+10"]

1. e4 c5 2. Nc3 d6 3. Nge2 Nf6 4. g3 g6 5. d4 cxd4 6. Nxd4 Bg7 7. Bg2 O-O 8. O-O Nc6 9. Nde2 Bd7 10. h3 Rb8 {[%emt 0:00:03] now scores much better than the old 10...Rc8.} 11. a4 a6 12. Bg5 b5 {[%emt 0:00:12] B70: Sicilian Dragon: 6 g3 and 6 Be2 (without a later Be3).} 13. axb5 axb5 {[%emt 0:00:01] [#]} 14. b3 $146 ({Predecessor:} 14. Nd5 Nxd5 15. exd5 Ne5 16. Qc1 b4 17. b3 Bb5 18. Re1 Nd7 19. Ra2 Re8 20. Qd2 Bxe2 21. Rxe2 {0-1 (75) Gasimov,P (2317)-Abdulov,O (2384) Baku 2019}) 14... h6 {[%emt 0:03:25] The position is equal.} 15. Be3 Ne8 16. Rb1 Nc7 (16... b4 $11 17. Na4 (17. Nd5 g5 $11) 17... Nf6) 17. Qd2 $14 Kh7 18. Nd5 Nxd5 (18... Ne8 $14) 19. exd5 $16 Na5 20. h4 Qc7 21. h5 Bf5 22. Nd4 Bxd4 (22... Nb7 $16 23. hxg6+ Bxg6) 23. Bxd4 Rfc8 $2 {[%emt 0:01:42] [#]} (23... Nb7 24. Rfe1 Qxc2 25. Qxc2 Bxc2) 24. hxg6+ $18 fxg6 25. Rbc1 Nb7 26. Rfe1 Re8 27. Bb2 Qc5 $2 (27... e6 {is a better defense.} 28. dxe6 Nc5) 28. b4 Qc7 29. g4 Bc8 30. Be4 {[%emt 0:00:54][%cal Oe4g6] [#] Intending Bxg6+! and mate. A strong pair of Bishops.} Rg8 31. Kg2 {[%emt 0:00:16] Rh1 would kill now.} Bxg4 32. Rh1 {[%emt 0:00:27] Weighted Error Value: White=0.07 (flawless) /Black=0.74} 1-0

[Event "Chinese League Div-A Rapid 2022"]
[Site "Fuling,Chongqing"]
[Date "2022.09.11"]
[Round "5.26"]
[White "Lin, Yi"]
[Black "Wan, Yunguo"]
[Result "1/2-1/2"]
[ECO "E04"]
[WhiteElo "2394"]
[BlackElo "2508"]
[Annotator "TA"]
[PlyCount "54"]
[EventDate "2022.09.07"]
[EventType "team-tourn"]
[EventCountry "CHN"]
[SourceTitle "playchess.com"]
[Source "ChessBase"]
[SourceQuality "1"]
[TimeControl "1500+10"]

1. d4 {[%emt 0:00:02] Roiz,M} Nf6 2. c4 e6 3. g3 d5 4. Bg2 dxc4 5. Nf3 Bb4+ 6. Bd2 a5 7. Qc2 {[%emt 0:00:02] E04: Open Catalan: 5 Nf3.} O-O (7... b6 {looks sharper.} 8. Ne5 Ra7 9. Bxb4 axb4 10. Qxc4 Qd6) 8. Qxc4 Bxd2+ {[%emt 0:02:00] 8...b6 is setting a new trend.} 9. Nbxd2 {[%emt 0:00:02] White is slightly better.} b6 10. Qc2 Ba6 {[%emt 0:00:34][%cal Oc7c5] [#]} 11. Nc4 $146 ({Predecessor:} 11. Ne4 Nxe4 12. Qxe4 Ra7 13. O-O Nd7 14. Qe3 Bb7 15. Rfd1 Qa8 16. Rac1 c5 17. dxc5 Nxc5 {1-0 (36) Roiz,M (2607)-Malikentzos,S (2441) Porto Carras 2018 CBM 187 [Roiz,M]}) 11... Nc6 12. O-O Rc8 13. Rfd1 Nb4 14. Qb3 Qe7 (14... Bxc4 $14 15. Qxc4 c5) 15. a3 (15. Nfe5 $16) 15... a4 $14 16. Qc3 Nbd5 17. Qc2 b5 18. Nce5 c5 19. dxc5 Rxc5 20. Qd2 Qc7 21. Nd3 {[%emt 0:02:17] Prevents b4.} ({White should try} 21. Rac1 $14) 21... Rc4 ({Black should play} 21... Rc2 $11 22. Qe1 b4) 22. Rac1 Nd7 {[%emt 0:08:30] [#] Prevents Nfe5.} 23. Qe1 (23. Nd4 $1 $16) 23... Bb7 $11 24. Nd2 Rxc1 25. Rxc1 Qb6 {[%emt 0:00:10] The position is equal.} 26. Ne4 Ba8 27. Qd2 h6 {[%emt 0:01:30] Weighted Error Value: White=0.12 (very precise) /Black=0.15 (very precise)} 1/2-1/2

[Event "Chinese League Div-A Rapid 2022"]
[Site "Fuling,Chongqing"]
[Date "2022.09.11"]
[Round "5.27"]
[White "Zhou, Weiqi"]
[Black "Zhang, Pengxiang"]
[Result "1-0"]
[ECO "D94"]
[WhiteElo "2597"]
[BlackElo "2564"]
[Annotator "TA"]
[PlyCount "91"]
[EventDate "2022.09.07"]
[EventType "team-tourn"]
[EventCountry "CHN"]
[SourceTitle "playchess.com"]
[Source "ChessBase"]
[SourceQuality "1"]
[TimeControl "1500+10"]

1. d4 Nf6 2. Nf3 g6 3. c4 Bg7 4. Nc3 d5 5. e3 O-O 6. cxd5 Nxd5 7. Bc4 Nb6 8. Bb3 Nc6 9. O-O e5 10. d5 Na5 11. e4 {[%emt 0:00:02] D94: Grünfeld: 4 Nf3 Bg7 5 e3.} Bg4 12. h3 Nxb3 13. axb3 {[%emt 0:00:02] The position is equal.} Bd7 14. Bg5 f6 15. Be3 Nc8 16. Nd2 {[%emt 0:01:38] [#]} f5 $146 ({Predecessor:} 16... Nd6 17. Nc4 f5 18. f3 Re8 19. Nxd6 cxd6 20. Qd2 a6 21. Na4 fxe4 22. fxe4 Qh4 {1-0 (48) Markos,J (2568)-Priborsky,J (2344) Czech Republic 2008}) 17. exf5 gxf5 18. f4 Nd6 19. Nc4 exf4 20. Bd4 Qg5 21. Bxg7 Qxg7 22. Nxd6 cxd6 23. Rxf4 Rfe8 24. Qd4 Qe5 25. Qxe5 dxe5 26. Rc4 Rec8 {[%emt 0:01:08] Inhibits Rc7.} 27. Rxc8+ Bxc8 $14 {[%emt 0:00:01][%mdl 4096] Endgame KRB-KRN} 28. Na4 Rb8 29. Rc1 b5 30. Nc5 Kf7 {[%emt 0:00:02] [#]} (30... Rb6 $11 {keeps the balance.}) 31. d6 $1 $16 {[%emt 0:00:44] White is more active.} Be6 32. Ra1 Ra8 {[%emt 0:01:40] [#]} 33. Ra6 $1 {[%emt 0:00:13] Black must now prevent d7.} Bd5 34. g3 b4 $1 35. Kf2 h5 {[%emt 0:00:04] Against g4} (35... f4 $1 $14) 36. h4 f4 (36... Kf6 $14) 37. gxf4 exf4 38. d7 {[%emt 0:00:23] aiming for Rd6.} Ke7 {[%emt 0:00:29] Inhibits Rd6.} 39. Rh6 Rg8 (39... Rd8 $16 40. Rxh5 Kd6) 40. Rxh5 $18 Bc6 (40... Rg2+ $2 41. Kf1 Rd2 42. Re5+ Be6 43. Rxe6+ $18) 41. Rh6 {[%emt 0:01:47] Threatening mate with Re6+.} Bd5 {[%emt 0:00:01][%mdl 8192] Inhibits Re6+.} (41... Bxd7 $16 {is tougher.} 42. Rh7+ Kd6) 42. h5 f3 43. Rg6 $2 ({White should play} 43. Kf1 $18) 43... Rh8 $2 (43... Rxg6 $14 44. hxg6 a5) 44. h6 Bf7 45. Rg7 Kf6 46. Nb7 {[%emt 0:00:20] Weighted Error Value: White=0.26 (precise) /Black=0.52} 1-0

[Event "Chinese League Div-A Rapid 2022"]
[Site "Fuling,Chongqing"]
[Date "2022.09.11"]
[Round "5.28"]
[White "Xiao, Tong"]
[Black "Peng, Xiongjian"]
[Result "1/2-1/2"]
[ECO "C90"]
[WhiteElo "2027"]
[BlackElo "2454"]
[Annotator "TA"]
[PlyCount "153"]
[EventDate "2022.09.07"]
[EventType "team-tourn"]
[EventCountry "CHN"]
[SourceTitle "playchess.com"]
[Source "ChessBase"]
[SourceQuality "1"]
[TimeControl "1500+10"]

1. e4 e5 2. Nf3 Nc6 3. Bb5 Nf6 4. d3 d6 5. O-O a6 6. Ba4 b5 7. Bb3 Na5 8. h3 Be7 9. Re1 O-O $1 {[%emt 0:00:19] The main line 9...0-0 scores better than 9...Nxb3.} 10. Nbd2 {[%emt 0:00:05] C90: Closed Ruy Lopez with 7...d6: Early deviations.} Re8 11. Nf1 Bf8 12. Bg5 Nxb3 13. axb3 h6 14. Bh4 {[%emt 0:00:03] [#]} g6 $146 ({Predecessor:} 14... a5 15. c3 Be7 16. b4 a4 17. d4 Bb7 18. Qe2 g5 19. Bg3 Qd7 20. N1d2 exd4 21. Nxd4 {1-0 (37) Faber,H (2504)-Skowronek,J (2277) Remote email 2013}) 15. Ne3 Bg7 16. Qd2 c6 17. c4 Be6 18. g4 (18. Ra5 $11) 18... Qd7 $15 19. Kh2 Nh7 20. d4 exd4 21. Nxd4 Ng5 22. Bxg5 hxg5 23. Nf3 Qe7 24. Kg2 Reb8 25. Nd4 Bd7 26. Qd3 Re8 27. Nf3 Qf6 (27... Bxb2 $11 {remains equal.} 28. Rad1 Ba3) 28. e5 $1 $16 Qf4 (28... Qd8 $16) 29. Qxd6 ({Only move:} 29. cxb5 $1 $18 Bxe5 30. Ra4 (30. Rxa6 Rxa6 31. bxa6 Bxb2 $18)) 29... Rad8 $14 30. Qc7 (30. Rxa6 Bxg4 $1 31. Qxc6 Bd7 $17) (30. Rad1 $1 $14 Bxg4 31. Nxg4 Rxd6 32. exd6) 30... Bxe5 (30... Qe4 $2 31. Nd5 $1 cxd5 32. Rxe4 dxe4 33. Nxg5 Bxe5 34. Qb7 $18) (30... f5 $1 $11 {keeps the balance.} 31. Red1 (31. Rxa6 $2 fxg4 32. hxg4 Rf8 $19) 31... fxg4 32. Rxd7 gxf3+ 33. Kf1 Rxd7 34. Qxd7 Rxe5 35. Qxc6 Re4) 31. Nxe5 $16 Qxe5 32. Qxe5 Rxe5 33. Rxa6 ({White should try} 33. Red1 $1 $14) 33... Be8 34. Rd1 Rxd1 35. Nxd1 $14 {[%emt 0:00:01][%mdl 4096] Endgame KRB-KRN} Re2 36. cxb5 cxb5 37. Rd6 {[%emt 0:00:02] Inhibits Rd2.} (37. Nc3 $16 Rxb2 38. Ra8) 37... Kf8 $11 38. Kf3 Rc2 39. Ke3 Ke7 40. Rb6 Bd7 41. Kd3 (41. b4 $5 ) 41... Rc1 42. Kd2 Rc6 43. Rb7 Rd6+ 44. Ke2 Kd8 45. Nc3 Kc8 46. Ra7 {[%emt 0:00:04] White wants to play Ne4.} Kb8 47. Ra5 Kb7 48. Ke3 (48. Nxb5 Ra6 49. b4 Rxa5 50. Nd6+ Kc6 51. bxa5 Kxd6 $19) (48. Ne4 $14 {might be stronger.} Re6 49. Kd3) 48... Bc6 49. b4 (49. Nxb5 $2 Re6+ 50. Kd4 Kb6 $19) 49... Kb6 50. Ra1 Re6+ 51. Kd4 Rf6 52. Ke3 (52. Nd5+ $11 Bxd5 53. Kxd5) 52... Rf3+ 53. Ke2 Rxh3 54. Rg1 {[%emt 0:00:04] [#]} ({White should play} 54. Rc1 $15) 54... Rf3 $1 $19 55. Rg3 Rf4 56. Na2 (56. b3 $142) 56... Bd7 57. Nc3 Be6 {[%emt 0:00:25] Prevents Nd5+.} (57... Rxg4 58. Rxg4 Bxg4+ 59. Ke3 $15) ({Worse is} 57... Bxg4+ 58. Ke3 Be6 59. Ne4 $17) 58. Ke3 Rxb4 59. Rg1 Rb3 ({And not} 59... Rxg4 60. Rxg4 Bxg4 61. Ne4 $17) ({Wrong is} 59... Rxb2 $2 60. Ne4 $19) 60. Kd4 Rxb2 61. Ne4 Rb4+ 62. Ke5 {[%emt 0:00:03] [#]} Bxg4 $1 63. Nxg5 Be6 $2 (63... Bf5 $19 {And now ...Rb1 would win.} 64. Nxf7 Re4+ 65. Kd5 Re2) 64. Nxe6 $11 {[%emt 0:00:04] The position is equal.} fxe6 65. Rxg6 {[%emt 0:00:01] KR-KR} Rb2 {[%emt 0:00:07] Strongly threatening ...Kc5.} 66. Rxe6+ Kc5 67. f4 b4 68. Kf6 b3 69. Re8 Ra2 {[%emt 0:00:11] Threatens to win with ...Ra6+.} 70. Rb8 b2 71. Kg5 Kc4 {[%emt 0:00:08] ( -> ...Ra5+)} 72. f5 Kc3 73. f6 {[%emt 0:00:09] Hoping for f7.} Ra1 74. Rxb2 Kxb2 75. f7 Rf1 76. Kg6 Kc3 77. Kg7 {[%emt 0:00:01] And White is the lucky defender.  Weighted Error Value: White=0.22 (precise) /Black=0.14 (very precise)} 1/2-1/2

[Event "Chinese League Div-A Rapid 2022"]
[Site "Fuling,Chongqing"]
[Date "2022.09.11"]
[Round "5.29"]
[White "Zhang, Xiaowen"]
[Black "Zhou, Guijue"]
[Result "0-1"]
[ECO "C02"]
[WhiteElo "2307"]
[BlackElo "2225"]
[Annotator "RC"]
[PlyCount "98"]
[EventDate "2022.09.07"]
[EventType "team-tourn"]
[EventCountry "CHN"]
[SourceTitle "playchess.com"]
[Source "ChessBase"]
[SourceQuality "1"]
[TimeControl "1500+10"]

1. e4 e6 2. d4 d5 3. e5 c5 4. c3 Qb6 5. Nf3 Bd7 6. Be2 Bb5 7. dxc5 Bxc5 8. Bxb5+ Qxb5 9. b4 Bf8 10. a4 Qd7 11. O-O Nc6 12. Nbd2 Nge7 13. Qe2 h5 14. Ba3 Nf5 15. b5 Na5 16. Bb4 Qc7 17. Bxa5 Qxa5 18. c4 Rd8 19. Rfc1 Be7 20. c5 O-O 21. Ne1 g6 22. Nd3 Rc8 23. Nb3 Qc7 24. a5 Qd7 25. Nb4 Kg7 26. c6 bxc6 27. Nxc6 Rc7 28. Rc2 Rb7 29. Rac1 Ba3 30. Nc5 Bxc5 31. Rxc5 Ne7 32. Qf3 f5 33. exf6+ Rxf6 34. Qc3 Qd6 35. a6 Rd7 36. Nxe7 Qxe7 37. Rc7 d4 38. Rxd7 Qxd7 39. Qc7 Rf7 40. Qe5+ Kh7 41. Rd1 Rf5 42. Qe4 Rxb5 43. h3 Rd5 44. Rb1 d3 45. Rd1 d2 46. g4 hxg4 47. hxg4 Qc6 48. Qe3 Qa4 49. Qxa7+ Rd7 0-1

[Event "Chinese League Div-A Rapid 2022"]
[Site "Fuling,Chongqing"]
[Date "2022.09.11"]
[Round "5.30"]
[White "Zhang, Lanlin"]
[Black "Chen, Yining"]
[Result "1-0"]
[ECO "C77"]
[WhiteElo "2135"]
[BlackElo "1745"]
[Annotator "NA RC"]
[PlyCount "75"]
[EventDate "2022.09.07"]
[EventType "team-tourn"]
[EventCountry "CHN"]
[SourceTitle "playchess.com"]
[Source "ChessBase"]
[SourceQuality "1"]
[TimeControl "1500+10"]

1. e4 e5 2. Nf3 Nc6 3. Bb5 a6 4. Ba4 Nf6 5. d3 b5 6. Bb3 Bc5 7. Nc3 h6 8. Nd5 d6 9. c3 O-O 10. Nxf6+ Qxf6 11. Bd5 Bd7 12. Rg1 Qe7 13. g4 Kh8 14. g5 f6 15. gxh6 g5 16. Qe2 Qe8 17. Bd2 Be6 18. Bxe6 Qxe6 19. h4 g4 20. Nh2 f5 21. exf5 Rxf5 22. Nxg4 Qf7 23. Ne3 Bxe3 24. Bxe3 Rg8 25. Rg5 Ne7 26. Qg4 Rgxg5 27. hxg5 Ng6 28. a4 Nf4 29. Bxf4 Rxf4 30. g6 Rxg4 31. gxf7 Rf4 32. axb5 Rxf7 33. bxa6 Rf8 34. a7 Ra8 35. c4 Kh7 36. Kd2 Kxh6 37. Kc3 c5 38. b4 1-0

[Event "Chinese League Div-A Rapid 2022"]
[Site "Fuling,Chongqing"]
[Date "2022.09.12"]
[Round "6.1"]
[White "Lin, Yi"]
[Black "Xu, Yi"]
[Result "1/2-1/2"]
[ECO "D38"]
[WhiteElo "2394"]
[BlackElo "2507"]
[Annotator "ChessBase"]
[PlyCount "37"]
[EventDate "2022.09.07"]
[EventType "team-tourn"]
[EventCountry "CHN"]
[SourceTitle "playchess.com"]
[Source "ChessBase"]
[SourceQuality "1"]
[TimeControl "1500+10"]

1. d4 Nf6 2. c4 e6 3. Nf3 d5 4. Nc3 Bb4 5. Bg5 h6 6. Bxf6 Qxf6 7. e3 O-O 8. Rc1 dxc4 9. Bxc4 c5 10. O-O cxd4 11. Nxd4 Bd7 12. Qb3 Nc6 13. Nxc6 Bxc3 14. Rxc3 Bxc6 15. Bb5 Bd5 16. Bc4 Bc6 17. Bb5 Bd5 18. Bc4 Bc6 19. Bb5 1/2-1/2

[Event "Chinese League Div-A Rapid 2022"]
[Site "Fuling,Chongqing"]
[Date "2022.09.12"]
[Round "6.2"]
[White "Zhou, Weiqi"]
[Black "Zhang, Zhong"]
[Result "1/2-1/2"]
[ECO "D38"]
[WhiteElo "2597"]
[BlackElo "2617"]
[Annotator "TA"]
[PlyCount "36"]
[EventDate "2022.09.07"]
[EventType "team-tourn"]
[EventCountry "CHN"]
[SourceTitle "playchess.com"]
[Source "ChessBase"]
[SourceQuality "1"]
[TimeControl "1500+10"]

1. d4 Nf6 2. c4 e6 3. Nc3 Bb4 4. Nf3 d5 5. Bg5 h6 6. Bxf6 Qxf6 7. e3 O-O 8. Rc1 dxc4 9. Bxc4 c5 10. O-O cxd4 11. Nxd4 {[%emt 0:00:38] The position is equal.} Bd7 {[%emt 0:01:00] D38: Queen's Gambit Declined: Ragozin Defence (4 Nf3 Bb4).} (11... Rd8 $5 ) 12. Qb3 Nc6 13. Nxc6 Bxc3 14. Qxc3 Bxc6 15. Qxf6 gxf6 16. Rfd1 Rfd8 {[%emt 0:00:12] [#]} 17. f4 $146 ({Predecessor:} 17. f3 f5 18. Kf2 Kg7 19. Be2 Kf6 20. Rxd8 Rxd8 21. Rd1 Rxd1 22. Bxd1 b6 23. a3 {½-½ (37) Giri,A (2780)-Ding,L (2799) chess24.com INT 2021}) 17... Kf8 18. Kf2 Ke7 {[%emt 0:00:07] An interesting draw.  Weighted Error Value: White=0.03 (flawless) /Black=0.04 (flawless)} 1/2-1/2